 Dungeon Crawl Stone Soup version 0.29-a0-323-g050149af67 (webtiles) character file.

Game seed: 16414637083846390071

47 GordonOverkill the Shooter (level 3, -2/21 HPs)
             Began as a Deep Elf Hunter on Apr 12, 2022.
             Slain by a gnoll shaman
             ... wielding a +2 whip of electrocution
              (7 damage)
             ... on level 2 of the Dungeon.
             The game lasted 00:03:42 (1836 turns).

GordonOverkill the Shooter (Deep Elf Hunter)        Turns: 1836, Time: 00:03:42

Health: -2/21      AC: 12    Str: 10    XL:     3   Next: 48%
Magic:  5/5        EV:  4    Int: 10    God:
Gold:   106        SH:  0    Dex: 18    Spells: 2/2 levels left

rFire   . . .      SeeInvis .   a - +1 shortbow (vorpal)
rCold   . . .      Faith    .   (shield currently unavailable)
rNeg    . . .      Spirit   .   j - +0 chain mail
rPois   .          Reflect  .   (no helmet)
rElec   .          Harm     .   (no cloak)
rCorr   .          Rampage  .   d - +3 Mad Mage's Maulers {Infuse+∞ RegenMP Int-3}
Will    .....                   (no boots)
Stlth   ..........              (no amulet)
HPRegen 0.07/turn               (no ring)
MPRegen 0.49/turn               (no ring)

@: invisible
A: no striking features
a: no special abilities


You were on level 2 of the Dungeon.
You visited 1 branch of the dungeon, and saw 3 of its levels.

You collected 106 gold pieces.

Inventory:

Hand Weapons
 a - a +1 vorpal shortbow (weapon)
Armour
 d - the +3 Mad Mage's Maulers (worn) {Infuse+∞ RegenMP Int-3}
   (You acquired it on level 2 of the Dungeon)

   It empowers its wearer's blows with all of their magic.
   It causes its wearer's magical reserves to regenerate more quickly.
   Int:       It affects your intelligence (-3).
 j - a +0 chain mail (worn)
Scrolls
 c - 2 scrolls of immolation
 i - a scroll of teleportation {unknown}
Potions
 e - 4 potions of degeneration
 f - a potion of lignification {unknown}
 h - a potion of mutation
 k - 4 potions of might


   Skills:
 + Level 2.2 Fighting
 * Level 6.5 Bows
 + Level 0.0 Armour
 - Level 2.4 Dodging
 - Level 1.2 Stealth


You had 2 spell levels left.
You didn't know any spells.
Your spell library contained the following spells:

 Spells                   Type           Power      Damage    Failure   Level
 Conjure Flame            Conj/Fire      0%         6-21      100%        3
 Ignite Poison            Fire/Tmut/Pois 0%         N/A       100%        3
 Sticky Flame             Conj/Fire      0%         2d3       100%        4


Dungeon Overview and Level Annotations

Branches:
Dungeon (3/15)

Altars:
Elyvilon

Shops:
D:1 ?:((


Message History

The gnoll shaman shouts!
You hear a shout!
You hear an angry hiss.
You hear a shout!
A gnoll comes into view. It is wielding a +0 spear.
You shoot an arrow. The gnoll shouts!
The arrow hits the gnoll shaman.
The gnoll shaman is lightly wounded.
You hear a shout! x2
A gnoll comes into view. It is wielding a +0 spear.
You shoot an arrow. The arrow hits the gnoll shaman.
The gnoll shaman is heavily wounded.
The gnoll shaman prays to its god.
The gnoll shaman is healed somewhat.
You shoot an arrow.
The arrow closely misses the gnoll shaman.
The arrow barely misses the gnoll.
A gnoll comes into view. It is wielding a +0 club.
A gnoll comes into view. It is wielding a +0 flail.
The gnoll shaman attacks as you move away!
The gnoll shaman hits you with a +2 whip of electrocution!
* * * LOW HITPOINT WARNING * * *
The gnoll shouts!
You hear a shout!
You hear an angry hiss. x2
The gnoll shaman closely misses you.
There is a stone staircase leading up here.
The gnoll shaman hits you with a +2 whip of electrocution.
* * * LOW HITPOINT WARNING * * *
The gnoll barely misses you.
You climb upwards.
There is a stone staircase leading down here.
Shoot: a) +1 shortbow (vorpal)
Press: ? - help, Q - select action Shift-Dir - straight line, f - gnoll shaman
Aim: a gnoll shaman, wielding a +2 whip of electrocution and wearing a +0 robe (moderately wounded, 69% to hit)
You shoot an arrow. The arrow hits the gnoll shaman.
The gnoll shaman is heavily wounded.
The gnoll shaman hits you with a +2 whip of electrocution.
* * * LOW HITPOINT WARNING * * *
The gnoll shaman barely misses you.
You fade into invisibility!
The gnoll shaman hits you with a +2 whip of electrocution!
You die...

....# ############<###.#####†##
###.# #............# #..# #...#
###.####.##########.###..###.#.##
.........# ##...#.#...#...
###.###### ##.#....#####.
.##.############# #.#......#...
................# #.#.#.##..###
....###########.#####.#.#.#...# #
##..# ##.@.............### .#..#
#.)g>..........#.... .#..#
#.######.#.###†#.#.# .#..# #.#
#...# #...#.# .#..## #.#
###.###.###.# .#...#########.#
##.....## #.#
.#......<......######.....#####.#
.###.########..##................
.# #.# #..##.###.....#####.#


You could see a gnoll shaman (can't see you).

Vanquished Creatures
  An adder (D:2)
  2 worms (D:2)
  A dart slug (D:1)
  An orc (D:2)
  A bat (D:2)
  2 endoplasms
  2 giant cockroaches
  4 goblins
  3 hobgoblins (D:2)
  4 kobolds
  A quokka (D:1)
  3 ball pythons
  2 frilled lizards
  A rat (D:1)
28 creatures vanquished.

Vanquished Creatures (others)
  A plant (D:3)
1 creature vanquished.

Grand Total: 29 creatures vanquished

Notes
Turn   | Place    | Note
-------+----------+-------------------------------------------
     0 | D:1      | GordonOverkill the Deep Elf Hunter began the quest for the
                  | Orb.
     0 | D:1      | Reached XP level 1. HP: 12/12 MP: 3/3
    75 | D:1      | Found Honkin's Book Shop.
   192 | D:1      | Found Casch's Antique Weapon Boutique.
   412 | D:1      | Found Hiack's Weapon Shoppe.
   415 | D:1      | Reached XP level 2. HP: 17/17 MP: 4/4
   804 | D:1      | Found Ymisuaff's Magic Scroll Boutique.
  1005 | D:2      | Reached skill level 6 in Bows
  1031 | D:2      | Identified a scroll of acquirement
  1031 | D:2      | Acquired the +3 Mad Mage's Maulers {Infuse+∞ RegenMP Int-3}
  1031 | D:2      | Found the +3 Mad Mage's Maulers {Infuse+∞ RegenMP Int-3}
  1053 | D:2      | Found a faded altar of an unknown god.
  1120 | D:2      | Reached XP level 3. HP: 21/21 MP: 5/5
  1401 | D:2      | Found a white marble altar of Elyvilon.
  1836 | D:2      | Slain by a gnoll shaman

Illustrated notes

Levels and vault maps discovered:
D:1:      nagdon_arrival_zigzag_paths, layout_loops_corners, serial_shops,
          nicolae_shop_bloodbath_and_beyond, shop, shop, nicolae_diamond_shop
D:2:      layout_loops_ring, basic_altar, shapermc_ecumenical_altar_notcrosses
D:3:      lemuel_castle_with_subvaults [lemuel_castle_interior_carwin_1],
          layout_basic, nicolae_grassy_gnolls

Skill      XL: |  1  2 |
---------------+-------+-----
Bows           | 6 |  6.5
Fighting       | 2 |  2.2
Dodging        | |  2.4
Stealth        | |  1.2

Action                   || total
-------------------------++-------
 Fire: Shortbow          ||    64
  Use: Scroll            ||     7
       Potion            ||     1
Armor: Leather armour    ||     4
       Chain mail        ||     2
Dodge: Dodged            ||    11

Table legend: (Time is in decaauts)
 A = Elapsed time spent in this place.
 B = Non-inter-level travel time spent in this place.
 C = Inter-level travel time spent in this place.
 D = Time resting spent in this place.
 E = Time spent auto-exploring this place.
 F = Levels seen in this place.
 G = Mean time per level.
                   A        B        C        D        E       F      G
               +--------+--------+--------+--------+--------+-----+--------+
         Total |   1859 |   1773 |     86 |    249 |   1267 |   3 |  619.7 |
       Dungeon |   1859 |   1773 |     86 |    249 |   1267 |   3 |  619.7 |
               +--------+--------+--------+--------+--------+-----+--------+

Top non-repeatable levels by time:
     D:1: 978 daAuts
     D:2: 858 daAuts
     D:3: 23 daAuts
